 Dungeon Crawl Stone Soup version 0.22.0-27-ga576289601 (webtiles) character file.

36 BrotherBolt the Skirmisher (level 3, 0/33 HPs)
             Began as a Minotaur Abyssal Knight on Aug 22, 2018.
             Was a Follower of Lugonu.
             Slain by a worm (4 damage)
             ... on level 3 of the Dungeon.
             The game lasted 00:02:19 (1120 turns).

BrotherBolt the Skirmisher (MiAK)                   Turns: 1120, Time: 00:02:19

Health: 0/33       AC:  9    Str: 22    XL:     3   Next: 19%
Magic:  3/3        EV:  8    Int:  9    God:    Lugonu [*.....]
Gold:   57         SH:  0    Dex:  9    Spells: 2/2 levels left

rFire    + . .     SeeInvis .   a - +1 hand axe
rCold    + . .     Gourm    .   (no shield)
rNeg     . . .     Faith    .   k - +0 chain mail
rPois    +         Spirit   .   (helmet restricted)
rElec    +         Reflect  .   (no cloak)
rCorr    +         Harm     .   (no gloves)
MR       .....                  (no boots)
Stlth    ..........             (no amulet)
HPRegen  0.11/turn              (no ring)
MPRegen  0.08/turn              (no ring)

@: mighty, resistant, flying
A: retaliatory headbutt, horns 2
a: Depart the Abyss, Renounce Religion


You were on level 3 of the Dungeon.
You worshipped Lugonu.
Lugonu was aware of your devotion.
You were hungry.

You visited 1 branch of the dungeon, and saw 3 of its levels.
You visited the Abyss 1 time.

You collected 57 gold pieces.

Inventory:

Hand Weapons
 a - a +1 hand axe (weapon)
Armour
 b - a +0 leather armour
 k - a +0 chain mail (worn)
Jewellery
 l - a cursed ring of attention {unknown}
Scrolls
 d - a scroll of amnesia {unknown}
 f - a scroll of teleportation {unknown}
 h - 2 scrolls of identify {unknown}
 m - a scroll of blinking {unknown}
 n - a scroll of random uselessness {unknown}
Potions
 e - a potion of resistance
 j - a potion of haste {unknown}
 o - 2 potions of curing {unknown}
Comestibles
 c - 2 rations


   Skills:
 + Level 4.2 Fighting
 + Level 3.0 Axes
 + Level 3.2 Armour
 + Level 1.1 Dodging
 + Level 2.0 Invocations


You had 2 spell levels left.
You didn't know any spells.
Your spell library was empty.

Dungeon Overview and Level Annotations

Branches:
Dungeon (3/15)

Altars:

Annotations:
D:2 Sigmund


Innate Abilities, Weirdness & Mutations

You reflexively headbutt those who attack you in melee.
You have a pair of horns on your head.


Message History

A hobgoblin comes into view.
The orc hits you but does no damage.
It was a potion of might.
You feel very mighty all of a sudden. The orc hits you with a short sword.
* * * LOW HITPOINT WARNING * * *
You barely miss the hobgoblin. You hit the orc.
The hobgoblin closely misses you. You furiously retaliate!
You headbutt the hobgoblin!!
You kill the hobgoblin!
Lugonu accepts your kill.
Your Axes skill increases to level 3!
The orc hits you but does no damage.
You slash the orc!
You kill the orc!
Lugonu accepts your kill.
You slash the worm!
The worm is heavily wounded.
You hit the hobgoblin. The worm bites you.
You die...

...............# .......
.##.#..........#########.......
......#.........#..............
....#####.........######......#
...## #†........##...........
...# #.......#.#..#..###.#..
.### #...(..........## .#
#>.....#.w...### ##
#......#@..### ####'####g..#
#.......#...# #...§...#...#
#..§§§..#...# +§§§≈.≈.+....
#..≈.≈..#####. #...≈§..# ..
#.......#


You could see a worm and a hobgoblin.

Vanquished Creatures
  An adder (D:3)
  An ooze (D:3)
  2 dart slugs
  An orc (D:3)
  A giant cockroach (D:1)
  3 goblins
  3 hobgoblins
  A kobold (D:1)
  3 bats
  2 frilled lizards
18 creatures vanquished.

Notes
Turn   | Place    | Note
-------+----------+-------------------------------------------
     0 | Abyss:1  | BrotherBolt the Minotaur Abyssal Knight began the quest for the Orb.
     0 | Abyss:1  | Reached XP level 1. HP: 19/19 MP: 1/1
     0 | D:1      | Escaped the Abyss
   311 | D:1      | Reached XP level 2. HP: 20/27 MP: 2/2
   639 | D:1      | Reached skill level 4 in Fighting
   644 | D:1      | Reached * piety under Lugonu
   895 | D:2      | Noticed Sigmund
   904 | D:2      | Found a faded altar of an unknown god.
  1085 | D:3      | Reached XP level 3. HP: 7/33 MP: 3/3
  1120 | D:3      | Slain by a worm

Skill      XL: |  1  2  3 |
---------------+----------+-----
Invocations    | 2 |  2.0
Fighting       | 4 |  4.2
Armour         | 3 |  3.2
Axes           | 3 |  3.0
Dodging        | |  1.1

Action                   || total
-------------------------++-------
Melee: Hand axe          ||    57
       Headbutt          ||     3
Invok: Depart the Abyss  ||     1
  Use: Potion            ||     3
Armor: Leather armour    ||     3
       Chain mail        ||    45
Dodge: Dodged            ||    25
